 Dungeon Crawl Stone Soup version 0.22.1-6-g1668fe2 (webtiles) character file.

319 doot the Twirler (level 6, -8/36 HPs)
             Began as a Tengu Gladiator on Jan 28, 2019.
             Mangled by a slave (9 damage)
             ... led by Pikel
             ... on level 4 of the Dungeon.
             The game lasted 00:04:23 (2863 turns).

doot the Twirler (Tengu Gladiator)                  Turns: 2863, Time: 00:04:23

Health: -8/36      AC:  3    Str: 14    XL:     6   Next: 45%
Magic:  0/7        EV: 14    Int: 10    God:
Gold:   163        SH:  0    Dex: 16    Spells: 5/5 levels left

rFire    . . .     SeeInvis .   a - +0 quarterstaff
rCold    . . .     Gourm    .   (shield currently unavailable)
rNeg     . . .     Faith    .   b - +0 leather armour
rPois    .         Spirit   +   c - +0 hat
rElec    .         Reflect  .   (no cloak)
rCorr    .         Harm     .   (no gloves)
MR       .....                  (boots unavailable)
Stlth    +.........             q - amulet of guardian spirit
HPRegen  0.12/turn              (no ring)
MPRegen  0.10/turn              (no ring)

@: no status effects
A: beak, talons 3, able to fly 1
a: Fly


You were on level 4 of the Dungeon.
You were not hungry.

You visited 1 branch of the dungeon, and saw 4 of its levels.

You collected 163 gold pieces.

Inventory:

Hand Weapons
 a - a +0 quarterstaff (weapon)
Missiles
 d - 5 throwing nets (quivered)
Armour
 b - a +0 leather armour (worn)
 c - a +0 hat (worn)
Jewellery
 q - an amulet of guardian spirit (around neck)
Scrolls
 g - 7 scrolls of identify {unknown}
 h - a scroll of noise {unknown}
 j - 2 scrolls of teleportation {unknown}
 k - a scroll of amnesia {unknown}
 l - 2 scrolls of remove curse {unknown}
 m - 2 scrolls of fear {unknown}
 o - a scroll of magic mapping {unknown}
 p - a scroll of random uselessness {unknown}
Potions
 e - 4 potions of degeneration {unknown}
 i - 2 potions of brilliance {unknown}
 n - a potion of flight {unknown}
 r - a potion of might {unknown}
 s - a potion of heal wounds {unknown}
Comestibles
 f - 4 rations


   Skills:
 + Level 2.6 Fighting
 + Level 5.7 Staves
 + Level 2.0 Throwing
 + Level 2.6 Armour
 + Level 4.7 Dodging
 + Level 0.7 Stealth


You had 5 spell levels left.
You didn't know any spells.
Your spell library was empty.

Dungeon Overview and Level Annotations

Branches:
Dungeon (4/15)
 Temple: D:4-7

Altars:
Yredelemnul

Annotations:
D:3 2 runed doors, matthes123's ghost, amateur HOFi
D:4 Pikel


Innate Abilities, Weirdness & Mutations

You have a beak for a mouth.
You have claws for feet.
You can fly.


Message History

The slave closely misses you.
You hit Pikel but do no damage. You claw Pikel, but do no damage.
Pikel is heavily wounded.
Pikel hits you with a whip of freezing! Pikel freezes you. The slave hits you.
The slave closely misses you.
The gnoll shouts!
You hit Pikel. Your kick misses Pikel. You peck Pikel, but do no damage.
Pikel is heavily wounded.
The slave hits you but does no damage. Pikel hits you but does no damage.
The slave barely misses you. The slave misses you.
You barely miss Pikel. You claw Pikel, but do no damage.
Pikel is heavily wounded.
The slave barely misses you. Pikel hits you with a whip of freezing!
* * * LOW HITPOINT WARNING * * *
Pikel freezes you.
* * * LOW HITPOINT WARNING * * *
The slave misses you. The slave hits you.
* * * LOW HITPOINT WARNING * * *
The slave hits you!
You die...

# . .....##..##.....
# #
.##..#......#####.##
. #
...#.#....####....
#.....#......#...#
...............#
.#....(........###
#.................
#........p....####
........@p....#
.......pKp....#
.............#
....$........# .#
.......g.....# ##.
%...g........##..
.............##.#
#...#.....<.###.#
........##...#


You could see Pikel, 4 slaves and 2 gnolls.

Vanquished Creatures
  Menkaure (D:4)
  A hound (D:4)
  2 bullfrog skeletons
  3 gnolls (D:3)
  3 adders
  3 worms
  2 dart slugs
  A leopard gecko (D:3)
  4 bats (D:3)
  2 giant cockroaches (D:3)
  2 gnoll zombies (D:3)
  4 goblins
  5 hobgoblins
  6 jackals (D:3)
  A kobold (D:3)
  2 quokkas
  2 frilled lizards (D:3)
  8 rats
52 creatures vanquished.

Notes
Turn   | Place    | Note
-------+----------+-------------------------------------------
     0 | D:1      | doot the Tengu Gladiator began the quest for the Orb.
     0 | D:1      | Reached XP level 1. HP: 12/12 MP: 2/2
   309 | D:1      | Reached XP level 2. HP: 14/17 MP: 3/3
   564 | D:2      | Reached XP level 3. HP: 21/21 MP: 4/4
   704 | D:2      | Reached skill level 4 in Staves
  1376 | D:3      | Reached XP level 4. HP: 6/26 MP: 5/5
  1777 | D:3      | Reached skill level 1 in Armour
  1859 | D:3      | Gained mutation: You can fly. [Tengu growth]
  1859 | D:3      | Reached XP level 5. HP: 13/30 MP: 6/6
  2235 | D:3      | Found a basalt altar of Yredelemnul.
  2464 | D:3      | Found a large runed door.
  2464 | D:3      | Found a large runed door.
  2471 | D:3      | Noticed matthes123's ghost (amateur HOFi)
  2532 | D:4      | Reached skill level 5 in Staves
  2680 | D:4      | Noticed Menkaure
  2684 | D:4      | Killed Menkaure
  2684 | D:4      | Reached XP level 6. HP: 19/36 MP: 3/7
  2695 | D:4      | Noticed Pikel
  2854 | D:4      | Noticed a slave
  2854 | D:4      | Noticed a slave
  2855 | D:4      | Noticed a slave
  2855 | D:4      | Noticed a slave
  2863 | D:4      | HP: 1/36 [slave[Pikel] (4)]
  2863 | D:4      | Mangled by a slave

Skill      XL: |  1  2  3  4  5 |
---------------+----------------+-----
Staves         | 4 5 |  5.7
Dodging        | 4 |  4.7
Armour         | 1 2 |  2.6
Fighting       | |  2.6
Throwing       | |  2.0
Stealth        | |  0.7

Action                   |  1- 3 |  4- 6 || total
-------------------------+-------+-------++-------
Melee: Quarterstaff      |    64 |    81 ||   145
       Kick              |    17 |    18 ||    35
       Peck              |     6 |    16 ||    22
 Stab: Sleeping          |     2 |       ||     2
  Eat: Chunk             |     1 |     4 ||     5
       Ration            |       |     1 ||     1
Armor: Leather armour    |    23 |    12 ||    35
Dodge: Dodged            |    65 |    69 ||   134
